 Dungeon Crawl Stone Soup version 0.25-a0-1007-g10a8c3caa8 (webtiles) character file.

Game seed: 13320386890171117094, levelgen mode: deterministic

98785 Flugslaktarn the Severer (level 15, -10/143 HPs)
             Began as a Minotaur Fighter on May 11, 2020.
             Was an Initiate of Gozag.
             Mangled by a shambling mangrove (29 damage)
             ... on level 4 of the Swamp.
             The game lasted 00:12:57 (23993 turns).

Flugslaktarn the Severer (Minotaur Fighter)        Turns: 23993, Time: 00:12:57

Health: -10/143    AC: 24    Str: 30    XL:     15   Next: 75%
Magic:  0/18       EV:  8    Int:  5    God:    Gozag
Gold:   4012       SH: 16    Dex: 16    Spells: 14/14 levels left

rFire    . . .     SeeInvis .   j - +7 broad axe (flame)
rCold    . . .     Gourm    .   c - +1 kite shield
rNeg     . . .     Faith    .   A - +0 plate armour
rPois    +         Spirit   +   y - +2 hat
rElec    +         Reflect  .   (no cloak)
rCorr    +         Harm     .   D - +0 pair of gloves of Qohyavi {rPois Str+9} (curse)
MR       ++...                  K - +2 pair of boots
Stlth    ..........             G - amulet of guardian spirit
HPRegen  0.33/turn              k - ring of resist corrosion
MPRegen  0.16/turn              (no ring)

@: grasped by roots, gold aura, constricted, very slow
A: retaliatory headbutt, horns 2, magic resistance 1, sense surroundings 1,
electricity resistance
a: Potion Petition, Call Merchant, Bribe Branch, Renounce Religion


You were on level 4 of the Swamp.
You worshipped Gozag.
Gozag was most pleased with you.
You were not hungry.

You visited 4 branches of the dungeon, and saw 26 of its levels.

You collected 6366 gold pieces.
You spent 884 gold pieces at shops.
You paid 1470 gold pieces to Gozag.

Inventory:

Hand Weapons
 j - a +7 broad axe of flaming (weapon)
   (You bought it in a shop on level 9 of the Dungeon)
 B - a +2 short sword of distortion
   (You took it off Sonja on level 3 of the Lair of Beasts)
Missiles
 g - 4 throwing nets (quivered)
Armour
 c - a +1 kite shield (worn)
 f - a +2 pair of gloves
   (You found it on level 9 of the Dungeon)
 y - a +2 hat (worn)
   (You found it on level 9 of the Dungeon)
 A - a +0 plate armour (worn)
   (You took it off an orc warrior on level 9 of the Dungeon)
 D - the cursed +0 pair of gloves of Qohyavi (worn) {rPois Str+9}
   (You found it on level 3 of the Lair of Beasts)

   It affects your strength (+9).
   It protects you from poison.
   It has a curse placed upon it.
 K - a +2 pair of boots (worn)
   (You found it on level 4 of the Lair of Beasts)
Jewellery
 k - a ring of resist corrosion (left hand)
   (You took it off a crimson imp on level 7 of the Dungeon)
 o - an uncursed amulet of harm
   (You found it on level 10 of the Dungeon)
 p - a cursed +6 ring of dexterity {unknown}
   (You found it on level 12 of the Dungeon)
 F - a +4 amulet of reflection {unknown}
   (You found it on level 14 of the Dungeon)
 G - an amulet of guardian spirit (around neck)
   (You found it on level 3 of the Lair of Beasts)
 H - the ring "Ytiob" {+Fly rPois rC- MR+++}
   (You found it on level 3 of the Lair of Beasts)

   [ring of flight]

   It makes you vulnerable to cold.
   It protects you from poison.
   It affects your resistance to hostile enchantments.
   It lets you fly.
 I - a cursed ring of attention {unknown}
   (You found it on level 14 of the Dungeon)
 L - an uncursed ring of see invisible {unknown}
   (You found it on level 14 of the Dungeon)
 N - an uncursed ring of fire
   (You found it on level 6 of the Lair of Beasts)
Wands
 a - a wand of iceblast (5)
   (You found it on level 11 of the Dungeon)
 m - a wand of acid (20)
   (You found it on level 2 of the Lair of Beasts)
 v - a wand of paralysis (16)
   (You found it on level 2 of the Lair of Beasts)
 E - a wand of clouds (10)
   (You found it on level 3 of the Lair of Beasts)
Scrolls
 l - a scroll of fog
 r - 9 scrolls of identify
 t - 3 scrolls of teleportation
 u - a scroll of immolation
 x - 10 scrolls of remove curse
 C - 2 scrolls of holy word
 M - a scroll of enchant armour
 O - a scroll of summoning {unknown}
 Q - 3 scrolls of torment {unknown}
Potions
 b - a potion of lignification
 d - 4 potions of might
 h - 4 potions of haste
 i - 2 potions of cancellation
 n - 7 potions of resistance
 q - 11 potions of curing
 s - 2 potions of mutation
 w - 3 potions of flight
 z - 2 potions of magic
 J - a potion of invisibility
 P - a potion of berserk rage {unknown}
Comestibles
 e - 23 rations


   Skills:
 + Level 15.7 Fighting
 - Level 18.0 Axes
 + Level 15.6 Armour
 - Level 4.6 Dodging
 + Level 14.7 Shields
 - Level 6.0 Evocations


You had 14 spell levels left.
You didn't know any spells.
Your spell library was empty.

Dungeon Overview and Level Annotations

Branches:
Dungeon (15/15)            Temple (1/1) D:7            Lair (6/6) D:9
  Swamp (4/4) Lair:4       Spider (0/4) Lair:4        Slime (0/5) Lair:6
    Orc (0/2) D:9          Vaults (0/5) D:13         Depths (0/5) D:15

Altars:
Ashenzari
Cheibriados
Dithmenos
Elyvilon
Fedhas
Gozag
Hepliaklqana
Kikubaaqudgha
Makhleb
Nemelex Xobeh
Okawaru
Qazlal
Ru
Sif Muna
Trog
Uskayaw
Vehumet
Wu Jian
Xom
Yredelemnul
Zin
The Shining One

Shops:
D:4 [:[   D:7 }   D:9 (   D:10 !   Lair:6 *

Annotations:
D:10 3 runed translucent doors, MisterFreud's ghost, novice OgBe
Lair:2 exclusion: 3 oklob plants
Lair:3 exclusion: 3 oklob plants


Innate Abilities, Weirdness & Mutations

You reflexively headbutt those who attack you in melee.
You have a pair of horns on your head.
You are resistant to hostile enchantments. (MR+)
You passively map a small area around you.
You are resistant to electric shocks. (rElec)


Message History

[b] - 105 gold - heal wounds [c] - 224 gold - might and stabbing Purchase which effect?
You feel much better.
The thorn hunter is no longer distracted by gold.
The seven-headed hydra bites you!
* * * LOW HITPOINT WARNING * * *
You block the seven-headed hydra's attack.
The seven-headed hydra bites you!
* * * LOW HITPOINT WARNING * * *
The seven-headed hydra bites you but does no damage.
You block the seven-headed hydra's attack.
The seven-headed hydra bites you.
* * * LOW HITPOINT WARNING * * *
You block the seven-headed hydra's attack.
The hornet stings you!
* * * LOW HITPOINT WARNING * * *
The shambling mangrove hits you!!
You die...
Your body crumbles into a pile of gold.

≈
♣..≈≈≈≈≈≈≈≈≈≈≈...≈..
♣§..≈≈≈≈≈≈≈.≈≈≈..≈≈≈
≈ $
♣♣♣.≈≈≈≈≈...≈≈..≈#≈≈
♣♣.≈≈≈...≈≈♣♣.##♣≈
♣≈≈≈≈≈≈.###♣#♣ ♣ .
♣♣♣♣.≈≈≈≈.##* * * ≈≈
≈≈≈♣♣.≈♣≈.≈≈≈## ≈
♣...f.y≈≈≈♣# ≈ $ ,
♣≈≈yw@≈≈≈##* ≈ ≈ ≈ ,
≈≈≈..≈wDD≈≈# , ≈
.≈≈...≈f.D≈#
..≈♣♣...§≈..♣ , , ♣♣
≈≈≈≈≈≈≈.≈♣ , *
≈≈≈§≈≈≈≈≈≈≈# *
♣≈≈≈≈≈≈≈≈≈≈≈. $ * *
, , * ≈.≈≈≈≈≈......
≈ ≈ , * *


You could see a thorn hunter, a shambling mangrove, a seven-headed hydra, a
two-headed hydra, a swamp dragon, 2 swamp worms and 2 hornets.

Vanquished Creatures
  Rupert (D:13)
  Jorgrun (Swamp:1)
  A thorn hunter (Swamp:3)
  The ghost of Rot Kaog the Blocker, a journeyman DDFi (D:11)
  2 fire dragons
  10 hydras
  2 catoblepae (Lair:6)
  5 centaur warriors
  2 alligators
  4 two-headed ogres
  A vampire mage (D:15)
  4 death yaks
  Nergalle (Lair:1)
  Urug (Lair:1)
  Sonja (Lair:3)
  A storm dragon zombie (D:15)
  4 skeletal warriors (D:15)
  An unseen horror (D:11)
  Pikel (D:8)
  A wizard (D:13)
  2 orc knights (D:15)
  A swamp dragon (Lair:4)
  A necromancer (D:15)
  5 lindwurms
  An orc sorcerer (D:15)
  3 manticores
  3 cyclopes
  12 ugly things
  A stone giant zombie (D:15)
  A deep elf mage (D:13)
  4 oklob plants (Lair:6)
  9 slime creatures
  Joseph (D:8)
  8 elephants
  A centaur zombie (D:15)
  2 gargoyles
  5 torpor snails (Lair:6)
  16 spiny frogs
  Maggie (D:8)
  2 rime drakes
  4 black mambas
  9 komodo dragons
  A demonic crawler (Lair:5)
  A guardian mummy (D:15)
  2 tengu conjurers (D:14)
  A queen bee (shapeshifter) (D:15)
  4 trolls
  3 polar bears
  Prince Ribbit (D:8)
  6 tyrant leeches
  9 hornets
  10 hippogriffs
  A blink frog (shapeshifter) (D:14)
  A bog body (Swamp:4)
  15 blink frogs
  A deep troll zombie (D:15)
  2 dream sheep (Lair:6)
  2 shadows
  A wraith (D:15)
  2 spriggans
  A redback (Lair:4)
  A vampire (D:14)
  17 yaks
  4 basilisks
  A spriggan skeleton (D:15)
  5 water elementals (D:14)
  2 wyverns
  2 hungry ghosts
  5 vampire mosquitoes
  4 wargs (D:9)
  11 swamp worms
  11 porcupines
  13 insubstantial wisps (Swamp:4)
  13 water moccasins
  16 orc warriors
  2 ice beasts
  6 sky beasts
  A slave (D:8)
  2 phantoms
  A necrophage (D:8)
  2 swamp drakes
  A black bear (Lair:2)
  6 ogres
  12 wolves
  15 centaurs
  20 crocodiles
  4 big kobolds
  A gnoll sergeant (D:7)
  A wyvern zombie (D:10)
  20 bullfrogs
  5 scorpions
  9 killer bees
  11 wights
  6 electric eels
  9 crimson imps
  A bullfrog zombie (D:8)
  3 jellies
  A quasit (D:6)
  9 orc wizards
  A gnoll shaman (D:9)
  4 bullfrog skeletons
  8 orc priests
  4 hounds
  4 centaur skeletons
  6 iguanas
  11 worker ants
  2 worker ant zombies
  A howler monkey zombie (D:8)
  5 adders
  12 gnolls
  7 shadow imps
  12 white imps (D:14)
  2 worms
  2 leopard geckos
  35 orcs
  A giant cockroach (D:4)
  A goblin (D:2)
  7 jackals
  16 kobolds
  8 quokkas
  3 frilled lizards
  A jackal skeleton (D:4)
  5 fungi
  6 plants
  A withered plant (D:15)
619 creatures vanquished.

Vanquished Creatures (others)
  An alligator (Swamp:4)
  A vampire mosquito (D:14)
  A slave (D:8)
  A crocodile (Lair:6)
  A crimson imp (D:8)
  An orc wizard (D:8)
  An iguana (Lair:4)
  2 orcs (D:8)
  8 fungi
  25 plants
  4 withered plants (D:15)
46 creatures vanquished.

Grand Total: 665 creatures vanquished

Notes
Turn   | Place    | Note
-------+----------+-------------------------------------------
     0 | D:1      | Flugslaktarn the Minotaur Fighter began the quest for the
                  | Orb.
     0 | D:1      | Reached XP level 1. HP: 19/19 MP: 0/0
    73 | D:2      | Reached XP level 2. HP: 27/27 MP: 1/1
    75 | D:2      | Reached skill level 3 in Axes
    80 | D:2      | Reached XP level 3. HP: 13/33 MP: 2/2
   457 | D:4      | Reached XP level 4. HP: 14/40 MP: 3/3
   873 | D:4      | Reached skill level 4 in Axes
   878 | D:4      | Got an ivory hand axe
   879 | D:4      | Identified the +9 hand axe "Wunoy" {flame, Dex+4} (You
                  | found it on level 4 of the Dungeon)
   955 | D:4      | Reached XP level 5. HP: 47/47 MP: 4/4
   956 | D:4      | Found Duvot's Antique Armour Shoppe.
  1079 | D:4      | Found Noalizio's Antique Armour Shoppe.
  1140 | D:4      | Found Qeafoata's Book Boutique.
  1349 | D:4      | Reached skill level 5 in Axes
  1528 | D:4      | Noticed an ogre
  1531 | D:4      | Killed an ogre
  1531 | D:4      | Reached skill level 5 in Fighting
  1531 | D:4      | Reached skill level 5 in Armour
  1531 | D:4      | Reached skill level 5 in Shields
  1531 | D:4      | Reached XP level 6. HP: 56/56 MP: 5/5
  1571 | D:5      | Entered Level 5 of the Dungeon
  1619 | D:5      | Found a stormy altar of Qazlal.
  1810 | D:5      | Found a blossoming altar of Fedhas.
  1896 | D:5      | Found an opulent altar of Gozag.
  2177 | D:6      | Reached skill level 6 in Axes
  2177 | D:6      | Reached XP level 7. HP: 53/61 MP: 6/6
  2564 | D:6      | Reached skill level 7 in Axes
  2749 | D:6      | Found a radiant altar of Vehumet.
  2758 | D:6      | Reached XP level 8. HP: 59/70 MP: 7/7
  2994 | D:7      | Found an iron altar of Okawaru.
  3030 | D:7      | Reached skill level 8 in Axes
  3466 | D:7      | Found a shadowy altar of Dithmenos.
  3511 | D:7      | Reached skill level 9 in Axes
  3616 | D:7      | Found Ywibir's Gadget Boutique.
  3659 | D:7      | Found a staircase to the Ecumenical Temple.
  3708 | D:7      | Reached XP level 9. HP: 79/79 MP: 8/8
  3748 | Temple   | Entered the Ecumenical Temple
  3771 | Temple   | Became a worshipper of Gozag Ym Sagoz the Greedy
  4198 | D:8      | Found a white marble altar of Elyvilon.
  4247 | D:8      | Noticed Pikel
  4255 | D:8      | Killed Pikel
  4255 | D:8      | Reached skill level 10 in Axes
  4301 | D:8      | Noticed Joseph
  4314 | D:8      | Killed Joseph
  4314 | D:8      | Reached skill level 1 in Dodging
  4811 | D:8      | Reached skill level 11 in Axes
  4837 | D:8      | Noticed Prince Ribbit
  4848 | D:8      | Killed Prince Ribbit
  4848 | D:8      | Reached XP level 10. HP: 68/90 MP: 9/9
  5042 | D:8      | Found a hide-covered altar of Uskayaw.
  5112 | D:8      | Noticed Maggie
  5126 | D:8      | Killed Maggie
  5761 | D:9      | Found a staircase to the Lair.
  5762 | D:9      | Noticed a death yak
  5763 | D:9      | Noticed a death yak
  5763 | D:9      | Noticed a death yak
  5763 | D:9      | Noticed a death yak
  5765 | D:9      | Noticed a death yak
  6111 | D:9      | Found a burning altar of Makhleb.
  6304 | D:9      | Found a staircase to the Orcish Mines.
  6312 | D:9      | Reached skill level 12 in Axes
  6632 | D:9      | Killed a death yak
  7215 | D:9      | Found Arotir's Antique Weapon Emporium.
  7222 | D:9      | Bought a runed broad axe for 189 gold pieces
  7399 | D:10     | Entered Level 10 of the Dungeon
  7890 | D:10     | Reached skill level 10 in Fighting
  7890 | D:10     | Reached XP level 11. HP: 69/99 MP: 10/10
  8267 | D:10     | Found a runed translucent gate.
  8267 | D:10     | Found a runed translucent gate.
  8267 | D:10     | Found a runed translucent gate.
  8267 | D:10     | Found Adeuso's Distillery.
  8267 | D:10     | Noticed MisterFreud's ghost (novice OgBe)
  8321 | D:10     | Reached skill level 10 in Armour
  8325 | D:10     | Reached skill level 13 in Axes
  8340 | D:10     | Bought a potion of mutation for 128 gold pieces
  8340 | D:10     | Bought a potion of cancellation for 128 gold pieces
  8340 | D:10     | Bought a potion of haste for 160 gold pieces
  8444 | D:10     | Noticed a two-headed ogre
  8450 | D:10     | Killed a two-headed ogre
  8576 | D:10     | Noticed a two-headed ogre
  8585 | D:10     | Killed a two-headed ogre
  9120 | D:11     | Noticed a two-headed ogre
  9123 | D:11     | Noticed a cyan ugly thing
  9128 | D:11     | Killed a two-headed ogre
  9135 | D:11     | Killed a cyan ugly thing
  9154 | D:11     | Killed an unseen horror
  9298 | D:11     | Reached skill level 14 in Axes
  9728 | D:11     | Noticed a brown ugly thing
  9737 | D:11     | Killed a brown ugly thing
  9814 | D:11     | Found a runed translucent gate.
  9815 | D:11     | Found a runed translucent gate.
  9816 | D:11     | Found a runed translucent gate.
  9817 | D:11     | Noticed Rot Kaog's ghost (journeyman DDFi)
  9831 | D:11     | Noticed a 12-headed hydra
  9840 | D:11     | Killed a seven-headed hydra
  9852 | D:11     | Killed Rot Kaog's ghost
 10351 | Lair:1   | Entered Level 1 of the Lair of Beasts
 10397 | Lair:1   | Noticed Nergalle
 10410 | Lair:1   | Killed Nergalle
 10410 | Lair:1   | Reached XP level 12. HP: 95/110 MP: 11/11
 10766 | Lair:1   | Noticed Urug
 10766 | Lair:1   | Noticed a five-headed hydra
 10771 | Lair:1   | Killed a two-headed hydra
 10771 | Lair:1   | Reached skill level 10 in Shields
 10779 | Lair:1   | Killed Urug
 11750 | Lair:2   | You fall into a shaft and drop 1 floor!
 11802 | Lair:2   | Noticed a seven-headed hydra
 11810 | Lair:2   | Killed a four-headed hydra
 12496 | Lair:2   | Noticed a seven-headed hydra
 12508 | Lair:2   | Killed a two-headed hydra
 13190 | Lair:3   | Noticed Sonja
 13668 | Lair:3   | Paralysed by Sonja for 4 turns
 13679 | Lair:3   | Killed Sonja
 14120 | Lair:3   | Got a pair of smoking gloves
 14131 | Lair:3   | Identified the cursed +0 pair of gloves of Qohyavi {rPois
                  | Str+9} (You found it on level 3 of the Lair of Beasts)
 14777 | Lair:3   | Paralysed by a floating eye for 3 turns
 14812 | Lair:3   | Got an ancient wooden ring
 14812 | Lair:3   | Paralysed by a floating eye for 3 turns
 14820 | Lair:3   | Identified the ring "Ytiob" {+Fly rPois rC- MR+++} (You
                  | found it on level 3 of the Lair of Beasts)
 14953 | Lair:4   | Reached XP level 13. HP: 111/119 MP: 10/12
 15002 | Lair:4   | Found a staircase to the Swamp.
 15018 | Lair:4   | Reached skill level 15 in Axes
 15296 | Lair:4   | Found a hole to the Spider Nest.
 15722 | Lair:5   | Reached skill level 1 in Evocations
 15834 | Lair:5   | You fall into a shaft and drop 1 floor!
 15834 | Lair:6   | Entered Level 6 of the Lair of Beasts
 17004 | Lair:6   | Reached skill level 16 in Axes
 17437 | Lair:6   | Reached XP level 14. HP: 82/130 MP: 10/15
 18187 | Lair:6   | Found a staircase to the Slime Pits.
 18527 | Lair:6   | Found a runed translucent door.
 19204 | Lair:6   | Bought a scroll labeled SERYDGH EMUPLA for 31 gold pieces
 19204 | Lair:6   | Bought a potion of mutation for 248 gold pieces
 19205 | Lair:6   | Gained mutation: You are clumsy. (Dex -2) [potion of
                  | mutation]
 19205 | Lair:6   | Gained mutation: You have a pair of large horns on your
                  | head. [potion of mutation]
 19206 | Lair:6   | Lost mutation: You have a pair of large horns on your head.
                  | [potion of mutation]
 19206 | Lair:6   | Lost mutation: You are clumsy. (Dex -2) [potion of
                  | mutation]
 19206 | Lair:6   | Gained mutation: You are resistant to hostile enchantments.
                  | (MR+) [potion of mutation]
 19206 | Lair:6   | Gained mutation: You passively map a small area around you.
                  | [potion of mutation]
 19206 | Lair:6   | Gained mutation: You are resistant to electric shocks.
                  | (rElec) [potion of mutation]
 19378 | D:12     | Reached skill level 17 in Axes
 19469 | D:13     | Noticed Rupert
 19476 | D:13     | Killed Rupert
 19476 | D:13     | Reached skill level 5 in Evocations
 19641 | D:13     | Found a gate to the Vaults.
 20421 | D:14     | Found a frozen archway.
 21042 | D:15     | Entered Level 15 of the Dungeon
 21262 | D:15     | Reached XP level 15. HP: 133/139 MP: 16/18
 21812 | D:15     | Reached skill level 18 in Axes
 21813 | D:15     | Found a staircase to the Depths.
 22232 | D:15     | Found a sacrificial altar of Ru.
 22236 | D:15     | Reached skill level 15 in Fighting
 22281 | D:15     | Reached skill level 15 in Armour
 22812 | Swamp:1  | Entered Level 1 of the Swamp
 22812 | Swamp:1  | Noticed Jorgrun
 22829 | Swamp:1  | Killed Jorgrun
 23390 | Swamp:3  | Noticed a thorn hunter
 23398 | Swamp:3  | Killed a thorn hunter
 23660 | Swamp:4  | Entered Level 4 of the Swamp
 23980 | Swamp:4  | Noticed a thorn hunter
 23993 | Swamp:4  | Mangled by a shambling mangrove

Illustrated notes

Levels and vault maps discovered:
D:1:      lemuel_arrival_river_ford, layout_basic
D:2:      layout_loops_ring, kennysheep_generic_room_14
D:3:      layout_basic, first_ration, minmay_joined_circles
D:4:      layout_gridville, serial_shops,
          nicolae_shop_temple_entry_statues_fountains, kennysheep_little_box,
          kennysheep_mini_moat, minmay_crystal_room
D:5:      layout_basic, kennysheep_mini, basic_altar, lemuel_statue_altar
D:6:      layout_rooms, vehumet_altar_wand_db, hangedman_decor_slide_cut
D:7:      layout_loops_cross, grunt_dithmenos_smoke_and_mirrors,
          okawaru_metal_pillars_1_2, minmay_temple_entry_fiery, serial_shops,
          nicolae_shop_waterfront
D:8:      layout_basic, eat_drink_and_be_merry_uskayaw, elyvilon_altar_3,
          uniq_pikel, uniq_joseph, uniq_maggie, uniq_prince_ribbit1
D:9:      layout_layer_cave, bloody_makhleb, dpeg_lair_monsters,
          minmay_orc_entry_guard_dogs, serial_shops, shop
D:10:     layout_rooms, gammafunk_ghost_necromancy, serial_shops, shop
D:11:     layout_cave_pods, gammafunk_ghost_hydra_chop
D:12:     layout_basic, gammafunk_ghost_cemetery
D:13:     layout_roguey, david_vaults_1, the_bakery, nrook_mini_vaults,
          uniq_rupert, uniq_josephine
D:14:     layout_layer_cave, portal_ice_cave_entry_imps, serial_bayou,
          serial_bayou_lagoon_a, serial_bayou_pond_e, serial_bayou_shore_a,
          serial_bayou_lake_a
D:15:     gammafunk_depths_entry_grave, layout_rooms,
          nicolae_ru_sacrificial_ziggurat
Temple:   minmay_freezing_vapour_temple
Lair:1:   layout_layer_cave, nicolae_lair_grove_arrangements,
          nicolae_quartered_pool_medium, grunt_megastairs_4, uniq_urug,
          uniq_nergalle
Lair:2:   layout_small_grid, gammafunk_lair_bear_cave,
          minmay_lair_oklob_chamber, grunt_megastairs_2
Lair:3:   layout_regular_city, disabler_island, grunt_megastairs_5, uniq_sonja
Lair:4:   layout_misc_corridors, minmay_swamp_entry_reptiles,
          spider_nest_entry_webs, wad_woods_road_05
Lair:5:   layout_regular_city, worms_lemuel, lemuel_fruit_fields
Lair:6:   wormcave, layout_cave_shapes, hangedman_lair_in_review,
          minmay_slime_entry_oklob_enclosed, lemuel_fruit_tree,
          lemuel_fruit_fields
Swamp:1:  layout_falls_marsh, serial_swamp_ruin, hangedman_swamp_ruin_wall,
          evilmike_swamp_ruin_house_2, evilmike_swamp_ruin_house_6,
          infiniplex_staircase_pool, uniq_louise, uniq_jorgrun
Swamp:2:  layout_basic_swamp, evilmike_swamp_ruin_house_5
Swamp:3:  layout_basic_swamp, evilmike_swamp_ruin_wall, uniq_bai_suzhen
Swamp:4:  swamp_alternative, layout_basic_swamp

Skill      XL: |  1  2  3  4  5  6  7  8  9 10 11 12 13 14 15 |
---------------+----------------------------------------------+-----
Axes           | 3 4 5 6 7 9 11 12 14 16 17 18 | 18.0
Fighting       | 4 5 6 7 8 10 11 12 13 14 15 | 15.7
Armour         | 4 5 6 7 8 9 11 12 13 14 15 | 15.6
Shields        | 4 5 6 7 9 11 12 13 14 | 14.7
Dodging        | 2 4 |  4.6
Evocations     | 3 5 6 |  6.0

Action                   |  1- 3 |  4- 6 |  7- 9 | 10-12 | 13-15 || total
-------------------------+-------+-------+-------+-------+-------++-------
Melee: War axe           |    41 |    13 |       |       |       ||    54
       Headbutt          |     7 |     7 |    37 |   103 |   248 ||   402
       Hand axe          |       |    46 |   177 |   138 |       ||   361
       Unarmed           |       |       |     9 |       |       ||     9
       Broad axe         |       |       |       |   354 |   832 ||  1186
Invok: Potion Petition   |       |       |       |     1 |     2 ||     3
       Call Merchant     |       |       |       |       |     1 ||     1
Evoke: Wand              |       |       |       |     5 |     5 ||    10
  Use: Scroll            |       |     2 |       |    20 |    12 ||    34
       Potion            |       |     1 |     1 |     2 |     2 ||     6
 Stab: Distracted        |       |       |       |     1 |     9 ||    10
       Sleeping          |       |       |       |     6 |     3 ||     9
       Invisible         |       |       |       |     4 |       ||     4
       Paralysed         |       |       |       |     1 |       ||     1
       Petrified         |       |       |       |       |     2 ||     2
  Eat: Chunk             |       |     3 |     5 |       |       ||     8
       Ration            |       |       |     2 |    10 |     8 ||    20
Armor: Scale mail        |    10 |     9 |    36 |    10 |       ||    65
       Plate armour      |       |       |       |   205 |   285 ||   490
       Skin              |       |       |       |    10 |       ||    10
Dodge: Dodged            |     8 |    12 |    51 |   109 |   190 ||   370
Block: Kite shield       |    24 |    29 |    93 |   289 |   509 ||   944

Table legend:
 A = Non-vault XP
 B = Vault XP
 C = Vault XP percentage of total XP
 D = Non-vault monster count
 E = Vault monster count
 F = Vault count percentage of total count
                 A         B        C        D         E       F
            +---------+---------+-------+---------+---------+-------
      Total |   95841 |   45281 |  32.1 |     508 |     101 |  16.6
            +---------+---------+-------+---------+---------+-------
        D:1 |       2 |       0 |   0.0 |       1 |       0 |   0.0
        D:2 |      62 |       0 |   0.0 |       7 |       0 |   0.0
        D:3 |       4 |       0 |   0.0 |       2 |       0 |   0.0
        D:4 |     419 |       0 |   0.0 |      15 |       0 |   0.0
        D:5 |     167 |       0 |   0.0 |       8 |       0 |   0.0
        D:6 |     923 |       1 |   0.1 |      17 |       1 |   5.6
        D:7 |    1222 |       0 |   0.0 |      26 |       0 |   0.0
        D:8 |    2343 |    1885 |  44.6 |      35 |       4 |  10.3
        D:9 |    1098 |    1502 |  57.8 |      24 |       5 |  17.2
       D:10 |    4859 |       0 |   0.0 |      48 |       0 |   0.0
       D:11 |    4668 |    2134 |  31.4 |      22 |       2 |   8.3
       D:12 |     502 |       0 |   0.0 |       3 |       0 |   0.0
       D:13 |    2218 |    5636 |  71.8 |      15 |       6 |  28.6
       D:14 |    7616 |     123 |   1.6 |      46 |      12 |  20.7
       D:15 |   19390 |    4384 |  18.4 |      59 |       8 |  11.9
     Lair:1 |    1183 |    1909 |  61.7 |       3 |       3 |  50.0
     Lair:2 |    6564 |     957 |  12.7 |      27 |       5 |  15.6
     Lair:3 |    4342 |    1371 |  24.0 |      19 |       3 |  13.6
     Lair:4 |    3540 |    1034 |  22.6 |      16 |       5 |  23.8
     Lair:5 |    5870 |     657 |  10.1 |      22 |       3 |  12.0
     Lair:6 |   12470 |   20702 |  62.4 |      49 |      43 |  46.7
    Swamp:1 |    1739 |    2986 |  63.2 |       4 |       1 |  20.0
    Swamp:2 |    1296 |       0 |   0.0 |       2 |       0 |   0.0
    Swamp:3 |    6472 |       0 |   0.0 |      15 |       0 |   0.0
    Swamp:4 |    6872 |       0 |   0.0 |      23 |       0 |   0.0
            +---------+---------+-------+---------+---------+-------
